 Dungeon Crawl Stone Soup version 0.30-a0-1006-g5d778dfbfc (webtiles) character file.

Game seed: 15974724456150072165

368 senseless the Insei (level 6, -6/41 HPs)
             Began as an Octopode Transmuter on Apr 5, 2023.
             Mangled by a gnoll
             ... wielding a +0 flail
              (10 damage)
             ... on level 4 of the Dungeon.
             The game lasted 00:06:19 (3360 turns).

senseless the Insei (Octopode Transmuter)           Turns: 3360, Time: 00:06:19

Health: -6/41      AC:  1    Str: 11    XL:     6   Next: 69%
Magic:  8/10       EV: 14    Int: 16    God:
Gold:   123        SH:  5    Dex: 12    Spells: 1/11 levels left

rFire   x . .      SeeInvis +      - Unarmed
rCold   + . .      Faith    .    (no shield)
rNeg    . . .      Spirit   .    (helmet currently unavailable)
rPois   .          Reflect  +    c - amulet of reflection
rElec   .          Rampage  .    q - ring of see invisible
rCorr   .                        r - ring of ice
Will    .....                    (no ring)
Stlth   ++                       (no ring)
HPRegen 0.26/turn                (no ring)
MPRegen 0.12/turn                (no ring)
                                 (no ring)
                                 (no ring)

@: appendages (expiring), wereblooded
A: tentacle spike 3, almost no armour, amphibious, 8 rings, camouflage 1,
gelatinous body 1, (nimble swimmer 1), tentacles
a: End Transformation


You were on level 4 of the Dungeon.
One of your tentacles had grown a beastly spike.
You visited 1 branch of the dungeon, and saw 4 of its levels.

You collected 123 gold pieces.

Inventory:

Hand Weapons
 i - a +0 mace
 m - a +1 scythe
Missiles
 p - 5 atropa-tipped darts
Magical Staves
 l - a staff of cold
 o - a staff of conjuration
Jewellery
 c - an amulet of reflection (around mantle)
 q - a ring of see invisible (left tentacle)
 r - a ring of ice (right tentacle)
Wands
 h - a wand of roots (9)
Scrolls
 b - 2 scrolls of vulnerability
 j - a scroll of enchant weapon
Potions
 a - 3 potions of lignification
 d - 2 potions of berserk rage {unknown}
 e - 2 potions of brilliance {unknown}
 f - a potion of resistance {unknown}
 g - 3 potions of heal wounds {unknown}
 k - 3 potions of curing {unknown}
 n - a potion of haste {unknown}


   Skills:
 + Level 2.9 Fighting
 + Level 3.4 Dodging
 + Level 4.1 Unarmed Combat
 + Level 3.3 Spellcasting
 + Level 3.5 Transmutations


You had one spell level left.
You knew the following spells:

 Your Spells              Type           Power      Damage    Failure   Level
a - Beastly Appendage     Tmut           26%        N/A       4%          1
b - Wereblood             Tmut           13%        N/A       6%          2
c - Spider Form           Tmut/Pois      8%         N/A       26%         3
d - Ice Form              Ice/Tmut       12%        N/A       65%         4

Your spell library contained the following spells:

 Spells                   Type           Power      Damage    Failure   Level


Dungeon Overview and Level Annotations

Branches:
Dungeon (4/15)
 Temple: D:4-7

Altars:
Wu Jian


Innate Abilities, Weirdness & Mutations

One of your tentacles has grown a beastly spike.
You cannot wear most types of armour.
You are amphibious.
You can wear up to eight rings at the same time.
Your skin changes colour to match your surroundings (Stealth+).
Your rubbery body absorbs attacks. (AC +1, EV +1)
((You are camouflaged when in or above water. (Stealth+)))
You have tentacles for arms and can constrict up to eight enemies at once.


Message History

No target in view!
A worm and a gnoll come into view.
The gnoll shouts! x2
Found an escape hatch in the floor.
You barely miss the gnoll. Your grab misses the gnoll.
The gnoll hits you with a +0 club! The gnoll closely misses you.
You tentacle-slap the gnoll but do no damage.
You grab the gnoll.
You pierce the gnoll, but do no damage.
You constrict the gnoll. You block the gnoll's attack.
You tentacle-slap the gnoll.
Your tentacle spike misses the gnoll.
The gnoll is moderately wounded.
You constrict the gnoll. The gnoll closely misses you.
The gnoll hits you with a +0 club.
You tentacle-slap the gnoll.
You pierce the gnoll, but do no damage.
The gnoll is severely wounded.
You constrict the gnoll. The gnoll misses you.
The gnoll hits you with a +0 club. You block the gnoll's attack.
You tentacle-slap the gnoll but do no damage.
You pierce the gnoll.
You feel a bit better.
You kill the gnoll!
You howl as the wereblood boils in your veins!
The gnoll hits you with a +0 flail. The gnoll misses you.
You tentacle-slap the gnoll. You grab the gnoll.
The gnoll is moderately wounded.
Your transformation is almost over.
You constrict the gnoll. The gnoll hits you with a +0 flail!
The gnoll closely misses you. You block the gnoll's attack.
You are too injured to fight recklessly!
You are too injured to fight recklessly!
You are too injured to fight recklessly!
You bludgeon the gnoll! You grab the gnoll.
The gnoll is heavily wounded.
You constrict the gnoll. x2; The gnoll hits you with a +0 flail.
The gnoll misses you. The gnoll hits you with a +0 flail!
* * * LOW HITPOINT WARNING * * *
You tentacle-slap the gnoll.
The gnoll is severely wounded.
You constrict the gnoll. x2; The gnoll closely misses you.
The gnoll completely misses you. The gnoll hits you with a +0 flail!
You die...

...........#.....#
.#P........#.....#
#.........#.....#
##+#......########
#.............#
##+####.......#
#...$...#
#.w.....#
#@g.....#
#gg.....#
#.......#
#...<...#
#.......#
#.......#
...>....#
.########


You could see a worm and 3 gnolls.

Vanquished Creatures
  Sigmund (D:2)
  A jelly (D:2)
  Jessica (D:2)
  An iguana (D:4)
  5 gnolls
  3 adders
  2 worms
  8 bats
  6 endoplasms
  A giant cockroach (D:2)
  2 goblins
  3 hobgoblins
  3 quokkas
  8 ball pythons
  2 frilled lizards
  2 kobolds (D:3)
  5 rats
54 creatures vanquished.

Notes
Turn   | Place    | Note
-------+----------+-------------------------------------------
     0 | D:1      | senseless the Octopode Transmuter began the quest for the
                  | Orb.
     0 | D:1      | Reached XP level 1. HP: 13/13 MP: 3/3
   320 | D:1      | Reached XP level 2. HP: 15/18 MP: 3/5
   751 | D:1      | Learned a level 2 spell: Wereblood
   817 | D:2      | Noticed Jessica
   824 | D:2      | Killed Jessica
   825 | D:2      | Reached XP level 3. HP: 24/24 MP: 4/6
   871 | D:2      | Identified the +2 robe of Lies {rF- Str+8}
   884 | D:2      | Noticed Sigmund
   889 | D:2      | Killed Sigmund
   890 | D:2      | Reached XP level 4. HP: 19/30 MP: 5/8
   890 | D:2      | Reached XP level 5. HP: 23/35 MP: 5/9
   969 | D:2      | Reached XP level 6. HP: 20/41 MP: 8/10
  1171 | D:2      | Reached skill level 4 in Unarmed Combat
  1441 | D:2      | Found a faded altar of an unknown god.
  2876 | D:3      | Learned a level 3 spell: Spider Form
  2881 | D:3      | Learned a level 4 spell: Ice Form
  3246 | D:4      | Found an ornate altar of the Wu Jian Council.
  3360 | D:4      | Mangled by a gnoll

Illustrated notes

Levels and vault maps discovered:
D:1:      minmay_arrival_four_houses, layout_basic, minmay_misc_feat_enclosed,
          glass_columns_a
D:2:      layout_loops_cross, shapermc_ecumenical_altar_ellora,
          minmay_misc_feat_roman, uniq_sigmund, uniq_jessica
D:3:      layout_loops_cross
D:4:      layout_gridville, mainiacjoe_overflow_small_starburst,
          minmay_temple_entry_gardened_gates, uniq_grinder

Skill      XL: |  1  2  3  4  5  6 |
---------------+-------------------+-----
Fighting       | 2 |  2.9
Dodging        | 3 |  3.4
Spellcasting   | 3 |  3.3
Transmutations | 3 |  3.5
Unarmed Combat | 4 |  4.1

Action                     |  1- 3 |  4- 6 || total
---------------------------+-------+-------++-------
  Melee: Unarmed           |    41 |    81 ||   122
         Tentacles         |    11 |    17 ||    28
         Constrict         |    10 |    19 ||    29
         Kick              |     7 |    28 ||    35
         Punch             |       |     3 ||     3
   Cast: Beastly Appendage |    16 |    29 ||    45
         Wereblood         |       |     1 ||     1
    Use: Scroll            |       |     5 ||     5
   Stab: Sleeping          |     5 |     5 ||    10
 Armour: Skin              |     4 |     2 ||     6
  Dodge: Dodged            |    23 |    44 ||    67
  Block: Other             |    14 |    15 ||    29

Table legend: (Time is in decaauts)
 A = Elapsed time spent in this place.
 B = Non-inter-level travel time spent in this place.
 C = Inter-level travel time spent in this place.
 D = Time resting spent in this place.
 E = Time spent auto-exploring this place.
 F = Levels seen in this place.
 G = Mean time per level.
                   A        B        C        D        E       F      G
               +--------+--------+--------+--------+--------+-----+--------+
         Total |   3351 |   2866 |    485 |      8 |   2416 |   4 |  837.8 |
       Dungeon |   3351 |   2866 |    485 |      8 |   2416 |   4 |  837.8 |
               +--------+--------+--------+--------+--------+-----+--------+

Top non-repeatable levels by time:
     D:2: 1305 daAuts
     D:3: 890 daAuts
     D:1: 750 daAuts
     D:4: 405 daAuts
